 Dungeon Crawl Stone Soup version 0.27-a0-1105-g946c659c87 (webtiles) character file.

Game seed: 3433742925824488717

15 robertstho the Magician (level 2, -2/21 HPs)
             Began as a Djinni Fire Elementalist on Apr 30, 2021.
             Slain by a goblin
             ... wielding a +0 club
              (3 damage)
             ... on level 1 of the Dungeon.
             The game lasted 00:01:11 (478 turns).

robertstho the Magician (Djinni Fire Elementalist)   Turns: 478, Time: 00:01:11

Health: -2/21      AC:  2    Str:  7    XL:     2   Next: 50%
Gold:   25         EV: 12    Int: 16    God:
                   SH:  0    Dex: 13

rFire    + . .     SeeInvis .   (no weapon)
rCold    . . .     Faith    .   (no shield)
rNeg     . . .     Spirit   .   a - +0 robe
rPois    ∞         Reflect  .   (no helmet)
rElec    .         Harm     .   (no cloak)
rCorr    .         Rampage  .   (no gloves)
Will     .....                  (boots unavailable)
Stlth    ++........             (no amulet)
HPRegen  0.07/turn              b - ring of ice
MPRegen  0.00/turn              (no ring)

@: flying
A: fire resistance 2, cold vulnerability 1, float, innate caster, hp casting,
extra vitality 1
a: no special abilities


You were on level 1 of the Dungeon.
You visited 1 branch of the dungeon, and saw 1 of its levels.

You collected 25 gold pieces.

Inventory:

Armour
 a - a +0 robe (worn)
Jewellery
 b - a ring of ice (left hand)
Scrolls
 e - a scroll of magic mapping


   Skills:
 + Level 2.3 Dodging
 + Level 1.7 Stealth
 + Level 3.1 Spellcasting


You couldn't memorise any spells.
You knew the following spells:

 Your Spells              Type           Power      Damage    Failure   Level
a - Foxfire               Conj/Fire      48%        2x1d6     4%          1
b - Conjure Flame         Conj/Fire      12%        6-21      16%         3
c - Inner Flame           Hex/Fire       12%        N/A       16%         3
d - Sticky Flame          Conj/Fire      12%        2d4       45%         4
e - Fireball              Conj/Fire      6%         3d5       80%         5
Your spell library was empty.

Dungeon Overview and Level Annotations

Branches:
Dungeon (1/15)

Altars:


Innate Abilities, Weirdness & Mutations

You are immune to poison.
Your flesh is very heat resistant. (rF++)
You are vulnerable to cold. (rC-)
You float through the air rather than walking.
You learn spells naturally, not from books.
Your magical power is your life essence.
You have superior vitality. (+4 HP)


Message History

Press: ? - help, Q - select action Dir - look around, f - activate You conjure some foxfire!
The foxfire hits the goblin.
The goblin is moderately wounded.
A ball python comes into view.
Unknown command.
As you read the scroll labelled ZIUMMIW ONWOIW, it crumbles to dust.
It is a scroll of amnesia.
You feel forgetful for a moment.
The ball python hisses angrily.
The hobgoblin hits you. The goblin hits you with a +0 club.
As you read the scroll labelled TIADOVV SIBIBB, it crumbles to dust.
It is a scroll of identify.
e - a scroll of magic mapping The hobgoblin barely misses you.
The goblin hits you with a +0 club.
You aren't carrying any potions.
Unknown command.
Casting: Foxfire (safe; 4% risk of failure)
Confirm with . or Enter, or press ? or * to list all spells.
Okay, then.
You completely miss the goblin.
The goblin is moderately wounded.
The hobgoblin closely misses you. The goblin hits you with a +0 club.
Your magical contamination has completely faded away.
You closely miss the goblin.
The goblin is moderately wounded.
The hobgoblin misses you. The goblin closely misses you.
You barely miss the goblin.
The goblin is moderately wounded.
The hobgoblin misses you. The goblin hits you with a +0 club.
* * * LOW HITPOINT WARNING * * *
You closely miss the goblin.
The goblin is moderately wounded.
The hobgoblin hits you.
* * * LOW HITPOINT WARNING * * *
The goblin closely misses you.
You hit the goblin.
The goblin is heavily wounded.
The hobgoblin closely misses you. The goblin hits you with a +0 club.
You die...

#.#...........
#.#...........
#..#.........
##.##........
#..#####..##
##.# ...# #.#
#..
#g#####.##.
#@gS.....#
#######.....
... .


You could see a hobgoblin, a goblin and a ball python.

Vanquished Creatures
  A bat (D:1)
  2 endoplasms (D:1)
  2 goblins (D:1)
  A hobgoblin (D:1)
  A jackal (D:1)
  A quokka (D:1)
  4 ball pythons (D:1)
  A rat (D:1)
13 creatures vanquished.

Vanquished Creatures (others)
  34 foxfires (D:1)
34 creatures vanquished.

Grand Total: 47 creatures vanquished

Notes
Turn   | Place    | Note
-------+----------+-------------------------------------------
     0 | D:1      | robertstho the Djinni Fire Elementalist began the quest for
                  | the Orb.
     0 | D:1      | Reached XP level 1. HP: 15/15 MP: 0/0
    93 | D:1      | Reached skill level 3 in Spellcasting
    95 | D:1      | Reached XP level 2. HP: 13/21 MP: 0/0
   477 | D:1      | HP: 1/21 [hobgoblin (3)]
   478 | D:1      | Slain by a goblin

Illustrated notes

Levels and vault maps discovered:
D:1:      dpeg_arrival_three_same_balls, layout_rooms

Skill      XL: |  1 |
---------------+----+-----
Spellcasting   | 3 |  3.1
Dodging        | |  2.3
Stealth        | |  1.7

Action                   || total
-------------------------++-------
Melee: Unarmed           ||     5
 Cast: Foxfire           ||    24
  Use: Scroll            ||     2
Armor: Robe              ||     1
Dodge: Dodged            ||     7

Table legend: (Time is in decaauts)
 A = Elapsed time spent in this place.
 B = Non-inter-level travel time spent in this place.
 C = Inter-level travel time spent in this place.
 D = Time resting spent in this place.
 E = Time spent auto-exploring this place.
 F = Levels seen in this place.
 G = Mean time per level.
                   A        B        C        D        E       F      G
               +--------+--------+--------+--------+--------+-----+--------+
         Total |    477 |    477 |      0 |      0 |    403 |   1 |  477.0 |
       Dungeon |    477 |    477 |      0 |      0 |    403 |   1 |  477.0 |
               +--------+--------+--------+--------+--------+-----+--------+

Top non-repeatable levels by time:
     D:1: 477 daAuts
